 Dungeon Crawl Stone Soup version 0.22.1-5-g62c59d919a (webtiles) character file.

880 Riddle the Ducker (level 8, -5/67 HPs)
             Began as a Gnoll Monk on Jan 12, 2019.
             Was an Initiate of Cheibriados.
             Slain by a sixfirhy (10 damage)
             ... summoned by a kobold demonologist
             ... on level 4 of the Dungeon.
             The game lasted 00:07:36 (3431 turns).

Riddle the Ducker (Gnoll Monk)                      Turns: 3431, Time: 00:07:36

Health: -5/67      AC: 12    Str: 16    XL:     8   Next: 5%
Magic:  12/12      EV:  8    Int: 14    God:    Cheibriados [......]
Gold:   164        SH:  9    Dex: 19    Spells: 12/12 levels left

rFire    + . .     SeeInvis .   h - +1 morningstar (protect)
rCold    . . .     Gourm    .   n - +0 shield
rNeg     . . .     Faith    .   d - +2 chain mail {MR+}
rPois    .         Spirit   .   (no helmet)
rElec    .         Reflect  .   a - scarf {repulsion}
rCorr    .         Harm     .   (no gloves)
MR       +....                  g - +0 pair of boots
Stlth    ..........             (no amulet)
HPRegen  0.21/turn              j - ring of protection from fire
MPRegen  0.13/turn              (no ring)

@: repel missiles, very slow
A: distributed training, fangs 1, strong nose
a: Bend Time, Renounce Religion


You were on level 4 of the Dungeon.
You worshipped Cheibriados.
Cheibriados was noncommittal.
You were hungry.

You visited 1 branch of the dungeon, and saw 4 of its levels.

You collected 164 gold pieces.

Inventory:

Hand Weapons
 h - a +1 morningstar of protection (weapon)
 i - a +2 flail of venom
Missiles
 k - 12 tomahawks (quivered)
Armour
 a - a scarf of repulsion (worn)
 d - a +2 chain mail of magic resistance (worn)
 g - a +0 pair of boots (worn)
 n - a +0 shield (worn)
Jewellery
 j - a ring of protection from fire (left hand)
Wands
 o - a wand of clouds (13)
Scrolls
 b - a scroll of amnesia
 f - 2 scrolls of identify
 m - 2 scrolls of enchant armour
 p - a scroll of teleportation
 r - a scroll of magic mapping {unknown}
Potions
 e - 4 potions of flight {unknown}
 l - a potion of mutation {unknown}
 q - a potion of degeneration {unknown}
Comestibles
 c - 7 rations


   Skills:
 + Level 7.2 Fighting
 + Level 2.8 Short Blades
 + Level 2.8 Long Blades
 + Level 2.8 Axes
 + Level 7.2 Maces & Flails
 + Level 2.8 Polearms
 + Level 2.8 Staves
 + Level 2.8 Slings
 + Level 2.8 Bows
 + Level 2.8 Crossbows
 + Level 2.8 Throwing
 + Level 2.8 Armour
 + Level 7.2 Dodging
 + Level 5.1 Stealth
 + Level 2.8 Shields
 + Level 2.8 Unarmed Combat
 + Level 2.8 Spellcasting
 + Level 2.3 Conjurations
 + Level 2.3 Hexes
 + Level 2.3 Charms
 + Level 2.3 Summonings
 + Level 2.3 Necromancy
 + Level 2.3 Translocations
 + Level 2.3 Transmutations
 + Level 2.3 Fire Magic
 + Level 2.3 Ice Magic
 + Level 2.3 Air Magic
 + Level 2.3 Earth Magic
 + Level 2.3 Poison Magic
 + Level 3.1 Invocations
 + Level 2.8 Evocations


You had 12 spell levels left.
You didn't know any spells.
Your spell library was empty.

Dungeon Overview and Level Annotations

Branches:
Dungeon (4/15)
 Temple: D:4-7

Altars:
Cheibriados
Dithmenos
Fedhas
Makhleb
Okawaru
Ru
Sif Muna
Yredelemnul

Annotations:
D:4 1 transporter


Innate Abilities, Weirdness & Mutations

Your experience applies equally to all skills.
You have very sharp teeth.
Your uncanny sense of smell can sniff out nearby items.


Message History

You open the door. You block the red devil's attack.
The orc priest calls down the wrath of Beogh upon you.
Pain shoots through your body! The shadow imp gestures at you.
You resist with some effort. The shadow imp gestures at you.
You resist with some effort.
There is an open door here.
The sixfirhy hits you! The sixfirhy shocks you! The sixfirhy hits you.
* * * LOW HITPOINT WARNING * * *
The sixfirhy shocks you!
* * * LOW HITPOINT WARNING * * *
You block the sixfirhy's attack.
The sixfirhy hits you but does no damage.
The kobold demonologist casts a spell.
You see here 17 arrows.
The sixfirhy hits you.
* * * LOW HITPOINT WARNING * * *
The sixfirhy shocks you!
You die...

..## ...## #.......#
....# #.......# ....#
#......?#
#...########.......#
...................####
................©.....#
.###........#########.#
...#........#8P$@$P8#.##
...#........#≈..3..≈#...
...########.####'####...
............#o≈.4.≈5#...
#+###.......#5≈...≈5#...
....#.......#.≈≈≈≈≈K#...
....#.......#.≈≈♣≈≈5#...
....######..#.≈≈≈3≈.#.!.
............#.≈...≈.#...


You could see a kobold demonologist, a sixfirhy, a smoke demon, a red devil, an
orc priest, a quasit and 3 shadow imps.

Vanquished Creatures
  Eustachio (D:4)
  An ogre (D:4)
  A big kobold (D:3)
  A howler monkey (D:4)
  A centaur zombie (D:4)
  3 jellies (D:3)
  An orc wizard (D:4)
  Terence (D:2)
  Natasha (thrice) (D:2)
  5 gnolls
  10 adders
  A shadow imp (D:4)
  8 oozes
  2 worms (D:2)
  2 adder skeletons (D:4)
  2 dart slugs (D:1)
  3 leopard geckos
  8 orcs
  4 giant cockroaches
  10 goblins
  9 hobgoblins
  3 jackals (D:1)
  3 quokkas
  3 bats
  4 frilled lizards
  18 kobolds
  8 rats
116 creatures vanquished.

Vanquished Creatures (others)
  2 fungi (D:3)
  8 toadstools (D:3)
10 creatures vanquished.

Grand Total: 126 creatures vanquished

Notes
Turn   | Place    | Note
-------+----------+-------------------------------------------
     0 | D:1      | Riddle the Gnoll Monk began the quest for the Orb.
     0 | D:1      | Reached XP level 1. HP: 23/23 MP: 1/1
   131 | D:1      | Reached XP level 2. HP: 29/29 MP: 2/2
   273 | D:1      | Reached XP level 3. HP: 29/35 MP: 3/3
   379 | D:1      | Reached skill level 1 in Invocations
   783 | D:2      | Found a burning altar of Makhleb.
   796 | D:2      | Reached skill level 1 in Short Blades
   796 | D:2      | Reached skill level 1 in Long Blades
   796 | D:2      | Reached skill level 1 in Axes
   796 | D:2      | Reached skill level 1 in Polearms
   796 | D:2      | Reached skill level 1 in Staves
   796 | D:2      | Reached skill level 1 in Slings
   796 | D:2      | Reached skill level 1 in Bows
   796 | D:2      | Reached skill level 1 in Crossbows
   796 | D:2      | Reached skill level 1 in Throwing
   796 | D:2      | Reached skill level 1 in Armour
   796 | D:2      | Reached skill level 1 in Shields
   796 | D:2      | Reached skill level 1 in Unarmed Combat
   796 | D:2      | Reached skill level 1 in Spellcasting
   796 | D:2      | Reached skill level 1 in Evocations
   796 | D:2      | Reached XP level 4. HP: 41/41 MP: 5/5
   854 | D:2      | Noticed Natasha
   865 | D:2      | Killed Natasha
   865 | D:2      | Reached skill level 1 in Conjurations
   865 | D:2      | Reached skill level 1 in Hexes
   865 | D:2      | Reached skill level 1 in Charms
   865 | D:2      | Reached skill level 1 in Summonings
   865 | D:2      | Reached skill level 1 in Necromancy
   865 | D:2      | Reached skill level 1 in Translocations
   865 | D:2      | Reached skill level 1 in Transmutations
   865 | D:2      | Reached skill level 1 in Fire Magic
   865 | D:2      | Reached skill level 1 in Ice Magic
   865 | D:2      | Reached skill level 1 in Air Magic
   865 | D:2      | Reached skill level 1 in Earth Magic
   865 | D:2      | Reached skill level 1 in Poison Magic
   923 | D:2      | Found a blossoming altar of Fedhas.
   924 | D:2      | Reached XP level 5. HP: 47/47 MP: 6/6
  1004 | D:2      | Noticed Natasha
  1015 | D:2      | Killed Natasha
  1348 | D:2      | Noticed Natasha
  1354 | D:2      | Killed Natasha
  1397 | D:2      | Reached XP level 6. HP: 53/53 MP: 8/8
  1425 | D:2      | Found a blossoming altar of Fedhas.
  1441 | D:2      | Noticed Terence
  1449 | D:2      | Killed Terence
  2119 | D:3      | Found a sacrificial altar of Ru.
  2154 | D:3      | Became a worshipper of Ru the Awakened
  2699 | D:3      | Reached XP level 7. HP: 49/59 MP: 10/10
  2842 | D:4      | Noticed Eustachio
  2859 | D:4      | Killed Eustachio
  2892 | D:4      | Reached skill level 5 in Stealth
  2998 | D:4      | Reached XP level 8. HP: 21/67 MP: 12/12
  3254 | D:4      | Found an iron altar of Okawaru.
  3288 | D:4      | Found a basalt altar of Yredelemnul.
  3293 | D:4      | Found a shadowy altar of Dithmenos.
  3293 | D:4      | Found a snail-covered altar of Cheibriados.
  3306 | D:4      | Found a deep blue altar of Sif Muna.
  3321 | D:4      | Fell from the grace of Ru
  3321 | D:4      | Became a worshipper of Cheibriados the Contemplative
  3395 | D:4      | Found a transporter.
  3402 | D:4      | Found a transporter.
  3409 | D:4      | Noticed a kobold demonologist
  3424 | D:4      | Noticed a red devil
  3426 | D:4      | Noticed a sixfirhy
  3431 | D:4      | Noticed a smoke demon
  3431 | D:4      | Slain by a sixfirhy

Skill      XL: |  1  2  3  4  5  6  7 |
---------------+----------------------+-----
Invocations    | 1 2 3 |  3.1
Short Blades   | 1 2 |  2.8
Long Blades    | 1 2 |  2.8
Axes           | 1 2 |  2.8
Polearms       | 1 2 |  2.8
Staves         | 1 2 |  2.8
Slings         | 1 2 |  2.8
Bows           | 1 2 |  2.8
Crossbows      | 1 2 |  2.8
Throwing       | 1 2 |  2.8
Armour         | 1 2 |  2.8
Shields        | 1 2 |  2.8
Unarmed Combat | 1 2 |  2.8
Spellcasting   | 1 2 |  2.8
Evocations     | 1 2 |  2.8
Conjurations   | 1 2 |  2.3
Hexes          | 1 2 |  2.3
Charms         | 1 2 |  2.3
Summonings     | 1 2 |  2.3
Necromancy     | 1 2 |  2.3
Translocations | 1 2 |  2.3
Transmutations | 1 2 |  2.3
Fire Magic     | 1 2 |  2.3
Ice Magic      | 1 2 |  2.3
Air Magic      | 1 2 |  2.3
Earth Magic    | 1 2 |  2.3
Poison Magic   | 1 2 |  2.3
Fighting       | 7 |  7.2
Maces & Flails | 7 |  7.2
Dodging        | 7 |  7.2
Stealth        | 5 |  5.1

Action                   |  1- 3 |  4- 6 |  7- 9 || total
-------------------------+-------+-------+-------++-------
Melee: Mace              |    41 |       |       ||    41
       Bite              |     5 |    23 |    13 ||    41
       Flail             |    19 |    89 |       ||   108
       Spear             |    13 |       |       ||    13
       Morningstar       |       |    74 |    79 ||   153
  Use: Scroll            |       |     5 |       ||     5
       Potion            |       |     1 |       ||     1
 Stab: Sleeping          |     3 |       |       ||     3
  Eat: Chunk             |       |     6 |     2 ||     8
Armor: Chain mail        |    43 |    70 |    40 ||   153
Dodge: Dodged            |    26 |    48 |    18 ||    92
       Deflected         |       |     1 |       ||     1
Block: Shield            |       |    39 |    36 ||    75
